← All builds
Tech / Armada / Economy first / OBSERVED BUILD

Standard tech

Armada Tech (Eco) build order · Supreme Isthmus

Rushes the T2 bot lab and advanced metal extractors while supplying teammates with constructors, scaling eco through the standard Citadel/Umbrella/Platypus transition.

Usually first T2 con to Geo (83%)

#t2 #eco #team support · 1662 distinct matches · 259 players · 60% of Armada Tech games · team won 54% of 1977 · Recently observed

HOW TO PLAY IT

Key timing: T2 factory by 4:15

  1. Open 3 mex and heavy wind to fund a fast T2 rush.
  2. Put down Bot Lab, planning to eat it for reclaim soon after.
  3. Get Advanced Bot Lab up, hitting the T2 factory rush timing.
  4. Upgrade mex to Advanced Metal Extractor to lock in team metal income.
  5. Eat Advanced Bot Lab and keep sending cons to Geo and Pond.

Phase by phase

TYPICAL OF ITS 1662 GAMES
  1. 1
  2. 2
  3. 3
  4. 4
PLAY THE OPENING

Follow the example game's first 6:00 step by step: what to build now, what comes next, and where it goes. At 1× it keeps pace with your own game.

  1. 1

    Up to the Bot Lab

    Economy
    • Metal Extractor3Mex
    • Wind Turbine4Wind
    Order
    1. Bot LabBot Lab after 3 mex, 4 winddone ~1:18, middle half 1:13–1:32

    Some games also: energy storage (32%)

    By 1:01 in all: 3 mex · 4 wind

    The example game in this phase · 5 steps
    1. Mex ×3
    2. Wind ×4
    3. Energy storage
    4. Wind ×3
    5. Bot LabBot Labdone 1:48 · typical 1:18
  2. 2

    Bot Lab to Advanced Bot Lab

    Economy
    • Metal Extractor1Mex
    • Wind Turbine8Wind
    • Energy Storage1Energy storage
    Order
    1. Advanced Bot LabAdvanced Bot Lab after 4 mex, 12 wind, 3 con turretdone ~4:16, middle half 4:04–4:30
    Builders
    • Construction Turret3 Con turret
    • Lazarus3 Lazarus
    • Construction Bot2 Con bot
    • Construction Bot1 Con bot for allies

    Some games also: converter (36%)

    By 3:18 in all: 4 mex · 12 wind · 1 energy storage · 3 con turret

    The example game in this phase · 9 steps
    1. Construction BotCon bot
    2. LazarusLazarus ×2
    3. Construction BotCon botfor Air
    4. Mex
    5. LazarusLazarus
    6. Construction BotCon bot
    7. LazarusLazarus
    8. Con turret ×3
    9. Advanced Bot LabAdvanced Bot Labdone 4:24 · typical 4:16
  3. 3

    Advanced Bot Lab to 5:00

    Economy
    • Wind Turbine3Wind
    Order
    1. Bot LabEat Bot Lab
    Builders
    • Advanced Construction Bot1 T2 con bot for allies

    Some games also: converter (35%)

    By 5:00 in all: 4 mex · 15 wind · 1 converter · 1 energy storage · 3 con turret

    The example game in this phase · 10 steps
    1. Wind ×2
    2. Bot LabEat Bot Labreclaimed for its metal
    3. Wind
    4. Advanced Construction BotT2 con botfor Geo
    5. Wind
    6. Converter
    7. Wind ×2
    8. SharpshooterSniper botfor Ponddone 5:06
    9. Converter
    10. Wind
  4. 4

    5:00 to 10:00

    Economy
    • Wind Turbine43Wind
    • Energy Converter6Converter
    Builders
    • Butler9 Butler
    • Advanced Construction Bot4 T2 con bot for allies
    • Advanced Construction Bot1 T2 con bot

    Some games also: con turret (43%) · Butler for allies (37%)

    By 10:00 in all: 4 mex · 58 wind · 8 converter · 1 energy storage · 3 con turret

    The example game in this phase · 46 steps
    1. Wind
    2. SharpshooterSniper botfor Pond
    3. Wind
    4. Converter
    5. Wind ×3
    6. Converter
    7. CompassRadar botfor Pond
    8. Wind
    9. SmugglerJammer botfor Pond
    10. Wind ×2
    11. Advanced Construction BotT2 con botfor Air
    12. Wind ×4
    13. Advanced Metal ExtractorT2 mexdone 7:14 · typical 5:28
    14. Wind ×2
    15. Advanced Metal ExtractorT2 mex
    16. Wind ×5
    17. Advanced Construction BotT2 con botfor Front
    18. Wind ×5
    19. Advanced Metal ExtractorT2 mex
    20. Wind ×2
    21. Advanced Construction BotT2 con botfor Geo sea
    22. Wind ×2
    23. Advanced Construction BotT2 con botfor Beach sea
    24. Wind ×4
    25. Advanced Construction BotT2 con botfor Pond
    26. Advanced Metal ExtractorT2 mex
    27. Wind ×7
    28. Advanced Construction BotT2 con bot
    29. Wind ×2
    30. Con turret ×4
    31. Fusion ReactorFusiondone 11:30
    32. Metal storage
    33. Con turret
    34. Advanced Bot LabEat Advanced Bot Labreclaimed for its metal
    35. Con turret
    36. Fusion ReactorFusion
    37. T2 converter ×2
    38. CitadelAnti-nukedone 13:52
    39. Con turret
    40. TracerTracer
    41. Con turret
    42. Advanced Fusion ReactorAdvanced Fusion Reactornot finished by 15:00
    43. T2 converter
    44. Con turret
    45. T2 converter
    46. Con turret ×5

Counts are medians over the build's games: half of them build more, half fewer. The example game is Damsko's (41 OS, 14/10/2026); pick another.

Team trades

IN AT LEAST 30% OF ITS GAMES

You hand over

  • Construction Bot1 Con bot to Airfirst at 2:23 · in 84% of games
  • Advanced Construction Bot5 T2 con bot to Air or Geo sea or Pondfirst at 4:51 · in 99% of games
  • Butler2 Butler to Geo sea or Beach sea or Pondfirst at 9:06 · in 42% of games

You get

  • Hercules1 Light transport from Airfirst at 4:01 · in 86% of games

How it plays out

Typical game of this build, running totals by minute

Metal produced

020k40k
0:005:0010:0015:00

metal

Enemy metal destroyed

050100150
0:005:0010:0015:00

metal

Own metal lost

050100150
0:005:0010:0015:00

metal

1977 games.

Show as table
ByMetal produced: This buildEnemy metal destroyed: This buildOwn metal lost: This build
1:0038300
2:0091500
3:00165400
4:00314400
5:00484600
6:00580300
7:00723300
8:00906900
9:001119900
10:001353800
11:001625700
12:001967700
13:002346000
14:0027328074
15:0031531105130
WHAT THE NUMBERS SAY

Standard Tech play barely fights at all early, instead pouring metal into T2 infrastructure and constructors for the team.

  • + Metal produced hits 31679 by 15:00, by far the highest of any role here.
  • + T2 factory reached in 97% of games by 4:15, fastest and most reliable T2 timing.
  • − Enemy metal destroyed stays at 0 through 10:00, no early offense at all.
  • − Own metal lost also near 0, showing total avoidance of combat risk.
THE EXAMPLE YOU ARE READING

Damsko

41.1 OS · 14/10/2026

Open source match ↗

2 received units
2579 metal received · 90838 energy received

Allied construction assistance is unknown. Timings are observations, not a promise of solo reproducibility.

Typical milestones

Bot Lab1:18Middle 50%: 1:13–1:32 · n=1977
Advanced Bot Lab4:16Middle 50%: 4:04–4:30 · n=1970
Advanced Metal Extractor5:28Middle 50%: 5:05–5:58 · n=1973

Played most by

Amrissa95games of this buildTheGeneraI70games of this buildAdeus57games of this buildEl_Turco56games of this buildKOT_45games of this build